 Dungeon Crawl Stone Soup version 0.31-a0-167-g1c394c0614 (webtiles) character file.

Game seed: 766661083603587695

470 qw the Chopper (level 7, 0/44 HPs)
             Began as a Gargoyle Fighter on June 14, 2023.
             Slain by a gnoll
             ... wielding a +0 spear
             ... led by a gnoll bouda
              (4 damage)
             ... on level 5 of the Dungeon.
             The game lasted 00:01:12 (3240 turns).

qw the Chopper (Gargoyle Fighter)                   Turns: 3240, Time: 00:01:12

Health: 0/44       AC: 11    Str: 22    XL:     7   Next: 9%
Magic:  7/7        EV: 14    Int:  8    God:
Gold:   270        SH:  4    Dex:  9    Spells: 6/6 levels left

rFire   . . .        Y - +0 war axe
rCold   . . .        c - +0 buckler
rNeg    + . .        b - +0 scale mail
rPois   inf          (no helmet)
rElec   +            (no cloak)
rCorr   .            (no gloves)
SInv    .            (no boots)
Will    .....        r - amulet of regeneration Stlth
                     a - +5 ring of evasion
HPRegen 1.07/turn    m - +4 ring of slaying {mikee}
MPRegen 0.10/turn

%: no passive effects
@: no status effects
A: sickness immunity, AC +4, negative energy resistance 1, electricity
resistance, torment resistance 1, petrification resistance
a: no special abilities


You were on level 5 of the Dungeon.
You visited 1 branch of the dungeon, and saw 5 of its levels.

You collected 270 gold pieces.


Innate Abilities, Weirdness & Mutations

You are immune to sickness and miasma.
Your stone body is resilient. (AC +4)
You are immune to poison.
You resist negative energy. (rN+)
You are resistant to electric shocks. (rElec)
You are resistant to unholy torment.
You are immune to petrification.


   Skills:
 - Level 4.6 Fighting
 + Level 5.8 Axes
 - Level 1.1 Throwing
 - Level 3.2 Armour
 - Level 1.1 Dodging
 - Level 3.2 Shields


You had 6 spell levels left.
You didn't know any spells.
Your spell library was empty.

Inventory:

Hand Weapons
 o - a +0 flail
 Y - a +0 war axe (weapon)
Missiles
 f - 6 boomerangs
 g - 2 silver boomerangs (quivered)
Armour
 b - a +0 scale mail (worn)
 c - a +0 buckler (worn)
Jewellery
 a - a +5 ring of evasion (left hand)
 m - a +4 ring of slaying (right hand) {mikee}
 r - an amulet of regeneration (around neck)
Scrolls
 h - a scroll of identify
Potions
 d - a potion of might
 i - a potion of resistance {unknown}
 j - a potion of attraction {unknown}
 k - a potion of lignification {unknown}
 l - 2 potions of mutation {unknown}
 n - 2 potions of curing
 p - a potion of invisibility {unknown}
 s - a potion of cancellation {unknown}
 t - 2 potions of heal wounds {unknown}
 u - a potion of enlightenment {unknown}

Dungeon Overview and Level Annotations

Branches:
Dungeon (5/15)
 Temple: D:4-7

Altars:
Xom

Annotations:
D:5 1 runed translucent door, qw's ghost, novice GrFi


Message History

The scorpion stings you but does no damage.
The gnoll hits you from afar with a +0 halberd!
The gnoll barely misses you. The adder bites you but does no damage.
The scorpion misses you.
The scorpion stings you but does no damage.
Your Dodging skill increases to level 1!
You miss the adder.
The adder is severely wounded.
You hit the scorpion. You barely miss the scorpion. The gnoll misses you.
The adder bites you but does no damage. The scorpion stings you.
The gnoll barely misses you.
The gnoll hits you from afar with a +0 halberd!
The scorpion closely misses you. The gnoll misses you.
You barely miss the adder.
The adder is severely wounded.
You hit the scorpion but do no damage. You slash the scorpion!
The adder barely misses you.
The scorpion stings you but does no damage.
The scorpion barely misses you.
The gnoll hits you from afar with a +0 spear.
The gnoll completely misses you. The adder completely misses you.
The gnoll hits you from afar with a +0 spear.
The scorpion misses you. You block the scorpion's attack.
You slash the scorpion!
You kill the scorpion!
You slash the adder!
You kill the adder!
You barely miss the scorpion. The gnoll hits you but does no damage.
The gnoll barely misses you. The scorpion stings you.
The gnoll barely misses you. You block the gnoll's attack.
The gnoll closely misses you.
You slash the scorpion!
You kill the scorpion!
You barely miss the gnoll. The gnoll barely misses you.
The gnoll hits you but does no damage. The gnoll closely misses you.
The gnoll hits you but does no damage.
You have reached level 7!
You completely miss the gnoll.
The gnoll hits you from afar with a +0 spear.
You die...

# ###...................# #
#...................# #
#............#.#..###
#######............#...#######
...................##..+SW~~$~
........########'#####.#######
........# #.# #..## ........#
#.# #### ........# #@#
........# #....g%).# ........#
#....ggg.# ........#
#........# #........#
#........# #........#
######...#


You could see 4 gnolls.

Vanquished Creatures
  A black bear (D:5)
  3 scorpions
  A gnoll bouda (D:5)
  An orc wizard (D:3)
  3 adders
  2 gnolls
  2 worms
  2 dart slugs
  7 orcs
  7 ball pythons
  6 endoplasms
  12 giant cockroaches
  10 goblins
  9 hobgoblins
  6 jackals
  A quokka (D:2)
  A bat (D:1)
  5 frilled lizards
  5 kobolds
  6 rats
90 creatures vanquished.

Notes
Turn   | Place    | Note
-------+----------+-------------------------------------------
     0 | D:1      | qw the Gargoyle Fighter began the quest for the Orb.
     0 | D:1      | Reached XP level 1. HP: 14/14 MP: 1/1
     0 | D:1      | 0 ||| qw: Version: 0.2-a-29-g1fa15c8
     0 | D:1      | 0 ||| qw: Game counter: 4882
     0 | D:1      | 0 ||| qw: Always use a shield: true
     0 | D:1      | 0 ||| qw: God list: Okawaru
     0 | D:1      | 0 ||| qw: Allow faded altars: false
     0 | D:1      | 0 ||| qw: Do Orc after D:15 true
     0 | D:1      | 0 ||| qw: Do second Lair branch before Depths: true
     0 | D:1      | 0 ||| qw: Lair rune preference: random
     0 | D:1      | 0 ||| qw: Plans: Normal, Zot:1-4, Slime:5, God:TSO, Crypt,
                  | Tomb, Abyss, Pan, Hells, Win
     0 | D:1      | 0 ||| PLANNING D:1-11
    25 | D:1      | 25 ||| Stepping ~*~*~tactically~*~*~ (stealth).
    26 | D:1      | 26 ||| Stepping ~*~*~tactically~*~*~ (stealth).
    99 | D:1      | 99 ||| Stepping ~*~*~tactically~*~*~ (hiding).
   105 | D:1      | Reached skill level 2 in Axes
   158 | D:1      | Reached XP level 2. HP: 19/19 MP: 2/2
   184 | D:1      | 184 ||| DROPPING +0 club.
   552 | D:1      | Reached skill level 3 in Axes
   604 | D:1      | Reached XP level 3. HP: 23/23 MP: 3/3
   636 | D:1      | 636 ||| DROPPING orb of mayhem.
   637 | D:1      | 637 ||| READING scroll labelled BAX HANARAWA.
   638 | D:1      | 638 ||| READING scroll labelled VUTETI JAOC.
   653 | D:1      | 653 ||| READING scroll labelled XUVEUS BOUPSEO.
   744 | D:2      | Found a shimmering altar of Xom.
   825 | D:2      | HP: 5/23 [gnoll/+0 spear (4)]
  1440 | D:2      | Reached XP level 4. HP: 27/28 MP: 4/4
  1599 | D:2      | 1599 ||| UPGRADING to +5 ring of evasion.
  1600 | D:2      | 1600 ||| UPGRADING to +4 ring of slaying {mikee}.
  1601 | D:2      | 1601 ||| READING scroll labelled SEQOATWAFA.
  1602 | D:2      | 1602 ||| DRINKING 3 murky orange potions.
  1676 | D:3      | Reached skill level 4 in Axes
  1793 | D:3      | 1793 ||| DRINKING 2 potions of curing.
  1793 | D:3      | 1793 ||| (to cure confusion)
  1801 | D:3      | 1801 ||| DROPPING +0 whip.
  2330 | D:3      | 2330 ||| DROPPING ring of see invisible.
  2331 | D:3      | 2331 ||| READING scroll labelled TAUCZEA IFAXZE.
  2332 | D:3      | 2332 ||| DRINKING 2 white potions.
  2333 | D:3      | 2333 ||| DROPPING potion of brilliance.
  2372 | D:4      | Noticed a scorpion
  2381 | D:4      | Killed a scorpion
  2382 | D:4      | Reached skill level 5 in Axes
  2382 | D:4      | Reached XP level 5. HP: 32/32 MP: 5/5
  2410 | D:4      | 2410 ||| Stepping ~*~*~tactically~*~*~ (hiding).
  2823 | D:4      | 2823 ||| Stepping ~*~*~tactically~*~*~ (hiding).
  2881 | D:4      | Reached skill level 1 in Throwing
  3060 | D:4      | 3060 ||| UPGRADING to amulet of regeneration.
  3065 | D:4      | 3065 ||| READING scroll labelled SYBIUCR JEUHU.
  3066 | D:4      | 3066 ||| READING scroll labelled COOKKECWUMUI.
  3135 | D:5      | Entered Level 5 of the Dungeon
  3137 | D:5      | 3137 ||| Stepping ~*~*~tactically~*~*~ (stealth).
  3154 | D:5      | 3154 ||| STAIRDANCE
  3173 | D:5      | Noticed a black bear
  3176 | D:5      | Killed a black bear
  3177 | D:5      | Reached XP level 6. HP: 39/39 MP: 6/6
  3210 | D:5      | Found a runed translucent door.
  3214 | D:5      | Noticed qw's ghost (novice GrFi)
  3236 | D:5      | Reached skill level 1 in Dodging
  3236 | D:5      | HP: 7/39 [gnoll/+0 halberd[a gnoll bouda] (9)]
  3238 | D:5      | HP: 1/39 [scorpion (4)]
  3240 | D:5      | Reached XP level 7. HP: 3/44 MP: 7/7
  3240 | D:5      | Slain by a gnoll

Levels and vault maps discovered:
D:1:      ncdulo_watergridlock, layout_basic, interstate_on_off
D:2:      layout_loops_corners, basic_altar, cheibrodos_gnoll_hut
D:3:      minmay_roachtagon, layout_basic, dreamdust_wishing_well, st_stairs_5,
          amcnicky_mini_corridor_feature, reono_crystal_passage
D:4:      layout_basic, corexii_item_surrounded_by_moat
D:5:      layout_basic, elyvilon_altar_1, nicolae_overflow_hidden_temple,
          ebering_ghost_sewer_d

Skill      XL: |  1  2  3  4  5  6 |
---------------+-------------------+-----
Axes           | 2 3 5 |  5.8
Throwing       | 1 |  1.1
Fighting       | 4 |  4.6
Dodging        | 1 |  1.1
Armour         | |  3.2
Shields        | |  3.2

Action                     |  1- 3 |  4- 6 |  7- 9 || total
---------------------------+-------+-------+-------++-------
  Melee: War axe           |    68 |    70 |     1 ||   139
  Throw: Boomerang         |    50 |    47 |       ||    97
    Use: Scroll            |     3 |     4 |       ||     7
         Potion            |       |     3 |       ||     3
 Armour: Scale mail        |    42 |    37 |       ||    79
  Dodge: Dodged            |    32 |    70 |       ||   102
  Block: Buckler           |     8 |    15 |       ||    23

Table legend:
 A = Non-vault XP
 B = Vault XP
 C = Vault XP percentage of total XP
 D = Non-vault monster count
 E = Vault monster count
 F = Vault count percentage of total count
                 A         B        C        D         E       F
            +---------+---------+-------+---------+---------+-------
      Total |     632 |      40 |   6.0 |      75 |      15 |  16.7
            +---------+---------+-------+---------+---------+-------
        D:1 |      35 |       0 |   0.0 |      20 |       0 |   0.0
        D:2 |      32 |      18 |  36.0 |      18 |       3 |  14.3
        D:3 |      57 |      22 |  27.8 |      10 |      12 |  54.5
        D:4 |     120 |       0 |   0.0 |      14 |       0 |   0.0
        D:5 |     388 |       0 |   0.0 |      13 |       0 |   0.0
            +---------+---------+-------+---------+---------+-------
